 Dungeon Crawl Stone Soup version 0.30.0-18-gc0e69614cb (webtiles) character file.

Game seed: 4569236319493069046

3534 KittyFluff the Basher (level 10, -1/61 HPs)
             Began as a Gargoyle Berserker on May 24, 2023.
             Was an Elder of Trog.
             Slain by a two-headed ogre
             ... wielding a +0 giant club
              (8 damage)
             ... on level 8 of the Dungeon.
             The game lasted 00:30:03 (6684 turns).

KittyFluff the Basher (Gargoyle Berserker)          Turns: 6684, Time: 00:30:06

Health: -1/61      AC: 17    Str: 28    XL:     10   Next: 8%
Magic:  10/10      EV: 13    Int:  7    God:    Trog [****..]
Gold:   2          SH:  5    Dex: 13    Spells: 9/9 levels left

rFire   + . .        O - +2 demon whip (venom)
rCold   . . .        (no shield)
rNeg    + . .        C - +0 steam dragon scales
rPois   ∞            J - +0 helmet
rElec   +            (no cloak)
rCorr   .            B - +0 pair of gloves
SInv    .            A - +0 pair of boots
Will    .....        q - amulet of reflection
Stlth   +            j - ring of protection from fire
HPRegen 0.30/turn    L - +6 ring of strength
MPRegen 0.12/turn

%: reflection
@: very slow
A: sickness immunity, AC +7, negative energy resistance 1, electricity
resistance, torment resistance 1, petrification resistance
a: Renounce Religion, Berserk, Trog's Hand, Brothers in Arms


You were on level 8 of the Dungeon.
You worshipped Trog.
Trog was greatly pleased with you.
You visited 1 branch of the dungeon, and saw 8 of its levels.

You collected 332 gold pieces.
You spent 330 gold pieces at shops.

Inventory:

Hand Weapons
 a - a +0 mace
 d - a +0 sling
 n - a +0 shortbow
 H - a +0 dire flail
 O - a +2 demon whip of venom (weapon)
Missiles
 f - 14 boomerangs (quivered)
 x - 2 boomerangs of dispersal
 E - a silver boomerang
Armour
 s - a scarf of harm
 A - a +0 pair of boots (worn)
 B - a +0 pair of gloves (worn)
 C - +0 steam dragon scales (worn)
 J - a +0 helmet (worn)
Jewellery
 h - a +6 ring of intelligence
 i - an amulet of magic regeneration
 j - a ring of protection from fire (left hand)
 q - an amulet of reflection (around neck)
 y - an amulet of faith
 L - a +6 ring of strength (right hand)
Wands
 t - a wand of polymorph (3)
 I - a wand of light (9)
Scrolls
 b - a scroll of enchant weapon
 c - a scroll of fear
 g - 3 scrolls of vulnerability {unknown}
 l - 2 scrolls of torment {unknown}
 m - 2 scrolls of magic mapping {unknown}
 o - 2 scrolls of summoning {unknown}
 p - 2 scrolls of immolation {unknown}
 r - a scroll of blinking
 u - a scroll of poison {unknown}
 v - 2 scrolls of noise {unknown}
 w - 2 scrolls of teleportation {unknown}
 F - a scroll of fog
 M - a scroll of enchant armour
Potions
 e - a potion of invisibility {unknown}
 k - 3 potions of curing
 z - 3 potions of lignification
 D - a potion of heal wounds
 G - a potion of ambrosia {unknown}
 K - a potion of mutation {unknown}


   Skills:
 + Level 6.8 Fighting
 * Level 10.0 Maces & Flails
 + Level 6.0 Armour
 + Level 4.9 Dodging
 + Level 1.6 Stealth
 + Level 4.3 Shields


You had 9 spell levels left.
You didn't know any spells.
Your spell library was empty.

Dungeon Overview and Level Annotations

Branches:
Dungeon (8/15)             Temple (0/1) D:5
   Lair: D:8-11

Altars:
Ashenzari
Cheibriados
Dithmenos
Fedhas
Kikubaaqudgha
Makhleb
Nemelex Xobeh
Qazlal
Uskayaw
Wu Jian
Xom
Yredelemnul
Zin

Shops:
D:5 (   D:7 (

Portals:
Bailey: D:8


Innate Abilities, Weirdness & Mutations

You are immune to sickness and miasma.
Your stone body is resilient. (AC +7)
You are immune to poison.
You resist negative energy. (rN+)
You are resistant to electric shocks. (rElec)
You are resistant to unholy torment.
You are immune to petrification.


Message History

Your Maces & Flails skill increases to level 10!
A two-headed ogre comes into view.
It is wielding a +0 giant club and a +0 giant spiked club.
The two-headed ogre moves out of view.
You see here a bullfrog corpse.
A kobold brigand comes into view.
It is wielding a +0 dagger and quivering poisoned darts.
The kobold brigand shouts!
An orc warrior comes into view. It is wielding a +0 long sword.
You block the two-headed ogre's attack.
The two-headed ogre hits you with a +0 giant spiked club!
You see here a bullfrog corpse.
The two-headed ogre attacks as you move away!
The two-headed ogre barely misses you. The two-headed ogre closely misses you.
You enter the shallow water.
Moving in this stuff is going to be slow.
You hit the two-headed ogre.
The two-headed ogre is poisoned.
The two-headed ogre is lightly wounded.
The two-headed ogre hits you with a +0 giant club!
The two-headed ogre barely misses you.
You barely miss the two-headed ogre.
The two-headed ogre is lightly wounded.
Your unstable footing causes you to fumble your attack.
Your unstable footing causes you to fumble your attack.
The two-headed ogre hits you with a +0 giant club.
The two-headed ogre barely misses you.
Your unstable footing causes you to fumble your attack.
Your unstable footing causes you to fumble your attack.
The two-headed ogre barely misses you. x2
You hit the two-headed ogre but do no damage.
The two-headed ogre looks even sicker.
The two-headed ogre is lightly wounded.
You thrash the two-headed ogre!!
The two-headed ogre looks as sick as possible!
The two-headed ogre is moderately wounded.
You whack the two-headed ogre!
The two-headed ogre looks as sick as possible!
The two-headed ogre is severely wounded.
The two-headed ogre hits you with a +0 giant club!!
* * * LOW HITPOINT WARNING * * *
The two-headed ogre hits you with a +0 giant spiked club!
You die...

'... #≈.###)#.# .....
#... #~.###.#)# ..#.
#..# #~.##..†)#### ##
#..# #≈.##...)...#
#..####~.##.......#
#......~.##.......#
#...†).~..........).
#...K.O≈###.≈≈~≈≈.#...
#####+#@# #.≈...≈.#...
#≈# #.~.∩>~..... #≈#
#.≈...≈.#. #≈#
#.≈≈~≈≈.# #≈#
#.......# #≈#
######### #≈# ≈##


You could see a two-headed ogre (extremely poisoned) and a kobold brigand.

Vanquished Creatures
  A two-headed ogre (D:6)
  A wyvern (D:8)
  2 steam dragons
  A water moccasin (D:7)
  An ice beast (D:7)
  2 black bears
  3 sky beasts
  2 ogres (D:6)
  3 centaurs
  5 phantoms
  2 bullfrogs
  3 scorpions
  2 howler monkeys
  2 jellies
  3 orc priests
  2 hounds
  5 iguanas
  8 orc wizards
  A mummy (D:4)
  4 gnolls (D:4)
  4 adders
  A shadow imp (D:6)
  2 white imps
  An ufetubus (D:7)
  A worm (D:3)
  A dart slug (D:4)
  28 orcs
  8 endoplasms
  3 giant cockroaches
  8 goblins
  7 hobgoblins
  4 quokkas
  5 ball pythons
  5 bats
  6 frilled lizards
  12 kobolds
  7 rats
156 creatures vanquished.

Vanquished Creatures (others)
  An orc wizard (D:7)
  An orc (D:7)
2 creatures vanquished.

Grand Total: 158 creatures vanquished

Notes
Turn   | Place    | Note
-------+----------+-------------------------------------------
     0 | D:1      | KittyFluff the Gargoyle Berserker began the quest for the
                  | Orb.
     0 | D:1      | Reached XP level 1. HP: 14/14 MP: 1/1
   180 | D:1      | Reached XP level 2. HP: 19/19 MP: 2/2
   544 | D:1      | Found a faded altar of an unknown god.
   632 | D:1      | Reached XP level 3. HP: 17/23 MP: 3/3
   668 | D:1      | Reached ** piety under Trog
  1007 | D:2      | Found a shimmering altar of Xom.
  1352 | D:2      | Reached XP level 4. HP: 29/29 MP: 4/4
  1622 | D:3      | HP: 2/43 [something (2)]
  1624 | D:3      | Reached skill level 4 in Maces & Flails
  1627 | D:3      | HP: 1/43 [orc/+0 flail (2)]
  1631 | D:3      | Reached XP level 5. HP: 2/33 MP: 5/5
  1939 | D:3      | Found a sparkling altar of Nemelex Xobeh.
  2111 | D:3      | Found a burning altar of Makhleb.
  2153 | D:3      | Found an ornate altar of the Wu Jian Council.
  2360 | D:3      | Found a hide-covered altar of Uskayaw.
  2361 | D:3      | Found a broken altar of Ashenzari.
  2366 | D:3      | Found an ancient bone altar of Kikubaaqudgha.
  2367 | D:3      | Found a shimmering altar of Xom.
  2368 | D:3      | Found a stormy altar of Qazlal.
  2368 | D:3      | Found a basalt altar of Yredelemnul.
  2369 | D:3      | Found a glowing silver altar of Zin.
  2371 | D:3      | Found a blossoming altar of Fedhas.
  2374 | D:3      | Found a shadowy altar of Dithmenos.
  3087 | D:4      | Reached XP level 6. HP: 37/38 MP: 6/6
  3242 | D:4      | Reached skill level 5 in Maces & Flails
  3242 | D:4      | Reached skill level 1 in Stealth
  3249 | D:4      | Reached *** piety under Trog
  3250 | D:4      | Reached skill level 1 in Shields
  3366 | D:4      | Found a snail-covered altar of Cheibriados.
  3607 | D:5      | Entered Level 5 of the Dungeon
  3677 | D:5      | Found a staircase to the Ecumenical Temple.
  3747 | D:5      | Reached XP level 7. HP: 44/44 MP: 7/7
  4347 | D:5      | Found Farr's Weapon Boutique.
  4525 | D:6      | Noticed a two-headed ogre
  4686 | D:6      | Noticed a steam dragon
  4701 | D:5      | Reached skill level 6 in Maces & Flails
  4802 | D:6      | Reached skill level 5 in Armour
  4802 | D:6      | Reached XP level 8. HP: 38/48 MP: 8/8
  4950 | D:5      | Reached skill level 5 in Fighting
  5257 | D:6      | Reached skill level 7 in Maces & Flails
  5362 | D:6      | Reached XP level 9. HP: 55/55 MP: 9/9
  5568 | D:6      | Killed a two-headed ogre
  5569 | D:6      | Reached skill level 8 in Maces & Flails
  5790 | D:7      | Found Ypim's Weapon Shoppe.
  5814 | D:7      | Reached skill level 9 in Maces & Flails
  5841 | D:7      | Reached **** piety under Trog
  6533 | D:5      | Bought a +2 demon whip of venom for 330 gold pieces
  6618 | D:8      | Found a flagged portal.
  6640 | D:8      | Reached XP level 10. HP: 46/61 MP: 10/10
  6667 | D:8      | Reached skill level 10 in Maces & Flails
  6667 | D:8      | Noticed a two-headed ogre
  6684 | D:8      | Slain by a two-headed ogre

Illustrated notes

Levels and vault maps discovered:
D:1:      lightli_arrival_farm, layout_rooms, dilly_ecumenical_altar_fadedgnrine
D:2:      layout_basic, basic_altar, nicolae_concentric_dashed_squares_mild,
          lexackson_kobold_supper
D:3:      layout_basic, nicolae_overflow_hallway_of_the_gods,
          mainiacjoe_overflow_big_doors, nemelex_spade_bored_becter
D:4:      layout_basic, slow_altar_1
D:5:      layout_loops_ring, minmay_temple_entry_overgrown, serial_shops,
          nicolae_shop_bloodbath_and_beyond
D:6:      layout_rooms, minmay_chambers_of_fives
D:7:      layout_basic, serial_shops, nicolae_shop_advertising_works
          [nicolae_subvault_shop_adworks]
D:8:      cheibrodos_ideogram_h, layout_basic, chequers_ossuary_entry_cave,
          enter_bailey_5

Skill      XL: |  1  2  3  4  5  6  7  8  9 10 |
---------------+-------------------------------+-----
Armour         | 3 4 5 6 |  6.0
Maces & Flails | 4 5 6 7 9 10 | 10.0
Dodging        | 2 3 4 |  4.9
Fighting       | 4 5 6 |  6.8
Stealth        | 1 |  1.6
Shields        | 1 3 4 |  4.3

Action                     |  1- 3 |  4- 6 |  7- 9 | 10-12 || total
---------------------------+-------+-------+-------+-------++-------
  Melee: Mace              |   126 |   204 |   443 |       ||   773
         Punch             |     3 |     1 |     7 |       ||    11
         Demon whip        |       |       |    15 |    17 ||    32
  Throw: Boomerang         |       |       |     1 |       ||     1
 Invoke: Berserk           |       |     1 |     1 |       ||     2
    Use: Scroll            |       |     4 |     6 |       ||    10
   Stab: Sleeping          |     2 |     1 |     2 |       ||     5
 Armour: Animal skin       |    41 |       |       |       ||    41
         Leather armour    |     4 |    67 |   124 |       ||   195
         Steam dragon scal |       |       |    88 |     4 ||    92
  Dodge: Dodged            |    93 |    88 |   246 |     8 ||   435
  Block: Other             |       |    27 |   114 |     4 ||   145
         Reflection        |       |     3 |     5 |       ||     8
